 Dungeon Crawl Stone Soup version 0.32-a0-683-ge26c5dbc97 (webtiles) character file.

Game seed: 13131857208043186960

1228 Gargoyl the Chopper (level 8, -1/50 HPs)
             Began as a Gargoyle Berserker on Mar 12, 2024.
             Was a Believer of Trog.
             Slain by an unseen horror (5 damage)
             ... on level 6 of the Dungeon.
             The game lasted 00:06:34 (4087 turns).

Gargoyl the Chopper (Gargoyle Berserker)            Turns: 4087, Time: 00:06:35

Health: -1/50      AC: 11    Str: 20    XL:     8   Next: 48%
Magic:  0/8        EV: 10    Int:  7    God:    Trog [**....]
Gold:   623        SH:  0    Dex: 21    Spells: 7/7 levels left

rFire   . . .        a - +0 hand axe
rCold   . . .        (no shield)
rNeg    + . .        e - +0 chain mail
rPois   ∞            (helmet restricted)
rElec   +            (no cloak)
rCorr   .            (no gloves)
SInv    .            (no boots)
Will    ++...        g - amulet of guardian spirit Stlth
                     o - +6 ring of dexterity
HPRegen 1.28/turn    (no ring)
MPRegen 0.11/turn

%: guardian spirit
@: strong-willed, regenerating
A: sickness immunity, AC +5, negative energy resistance 1, electricity
resistance, torment resistance 1, petrification resistance, horns 1, agile 1,
deformed body, inability to drink after injury 1
a: Renounce Religion, Berserk, Trog's Hand


You were on level 6 of the Dungeon.
You worshipped Trog.
Trog was pleased with you.
You visited 1 branch of the dungeon, and saw 6 of its levels.

You collected 623 gold pieces.

Inventory:

Hand Weapons
 a - a +0 hand axe (weapon)
 r - a +3 spear of venom
Missiles
 i - 6 poisoned darts (quivered)
Armour
 e - a +0 chain mail (worn)
 n - a +0 helmet
Jewellery
 g - an amulet of guardian spirit (around neck)
 o - a +6 ring of dexterity (left hand)
 q - a +6 ring of intelligence
Wands
 b - a wand of iceblast (7)
 m - a wand of polymorph (12)
Potions
 c - a potion of curing
 j - 2 potions of lignification {unknown}
 k - a potion of brilliance {unknown}
 l - a potion of enlightenment {unknown}
 p - 2 potions of haste {unknown}


   Skills:
 + Level 5.4 Fighting
 + Level 6.9 Axes
 + Level 5.7 Armour
 + Level 2.9 Dodging
 + Level 1.2 Stealth


You had 7 spell levels left.
You didn't know any spells.
Your spell library was empty.

Dungeon Overview and Level Annotations

Branches:
Dungeon (6/15)             Temple (0/1) D:4

Altars:
Ashenzari
Sif Muna
Uskayaw
Wu Jian
Yredelemnul


Innate Abilities, Weirdness & Mutations

You are immune to sickness and miasma.
Your stone body is resilient. (AC +5)
You are immune to poison.
You resist negative energy. (rN+)
You are resistant to electric shocks. (rElec)
You are resistant to unholy torment.
You are immune to petrification.
You have a pair of small horns on your head.
You are agile. (Dex +4, Str/Int -1)
Armour fits poorly on your strangely shaped body.
You occasionally lose the ability to drink potions when taking damage.


Message History

You completely miss something. Something hits you but does no damage.
You swing at nothing.
You feel the effects of Trog's Hand fading.
Something hits you!
* * * LOW HITPOINT WARNING * * *
You swing at nothing.
You miss something. Something hits you but does no damage.
You barely miss something. Something completely misses you.
You hit something. You headbutt something.
Something hits you but does no damage.
Your skin stops crawling.
You feel less strong-willed. Something hits you but does no damage.
Your skin crawls.
You feel strong-willed.
You hit something. Your headbutt misses something. Something hits you.
Something hits you.
* * * LOW HITPOINT WARNING * * *
You hit something. Something hits you but does no damage. Something hits you.
* * * LOW HITPOINT WARNING * * *
Something hits you.
* * * LOW HITPOINT WARNING * * *
You miss something. You headbutt something. Something completely misses you.
Something hits you but does no damage. Something hits you. Something hits you.
You hit something. You headbutt something.
You feel the effects of Trog's Hand fading.
Something hits you.
* * * LOW HITPOINT WARNING * * *
Something hits you but does no damage.
You hit something. You headbutt something. Something hits you.
* * * LOW HITPOINT WARNING * * *
Something hits you!
* * * LOW HITPOINT WARNING * * *
Okay, then.
Your skin crawls.
You feel strong-willed. Something hits you.
You die...

......[..# ........:# ##.# ....[
.........# #..# .... ##
........##########.#### #.. #.
#.........##........).# #.#
####.####.##..........# ###.#####
#.####..#..........###...##...
####...###............)).)>......
.....§.§..#.....@.....###)#...###
.≈≈≈≈≈≈≈..........(...###...###
§≈§≈≈≈)...............#...†##
≈§_§...ß....####.#####..##.#
§≈≈≈≈≈........ #..##...##..#
.≈≈§≈≈≈≈.####..##.#..####.##
.........# #..#...## #....
.........# ###.#....##.....
(.####### #............#.#


There were no monsters in sight!

Vanquished Creatures
  A centaur (D:6)
  A phantom (D:4)
  A kobold brigand (D:3)
  A gnoll sergeant (D:5)
  A bullfrog (D:5)
  3 scorpions
  2 howler monkeys
  2 bombardier beetles (D:4)
  3 orc priests
  2 sleepcaps
  3 hounds (D:5)
  A jelly (D:5)
  2 iguanas
  Robin (D:3)
  5 gnolls (D:5)
  6 adders
  4 dart slugs
  A ribbon worm (D:5)
  12 orcs
  6 ball pythons
  5 endoplasms
  5 giant cockroaches
  17 goblins
  9 hobgoblins
  6 jackals
  2 quokkas
  5 bats
  A frilled lizard (D:1)
  7 kobolds (D:3)
  7 rats
122 creatures vanquished.

Vanquished Creatures (others)
  An adder (D:2)
1 creature vanquished.

Grand Total: 123 creatures vanquished

Notes
Turn   | Place    | Note
-------+----------+-------------------------------------------
     0 | D:1      | Gargoyl the Gargoyle Berserker began the quest for the Orb.
     0 | D:1      | Reached XP level 1. HP: 14/14 MP: 1/1
    81 | D:1      | Reached XP level 2. HP: 19/19 MP: 2/2
   148 | D:1      | Reached skill level 3 in Axes
   534 | D:1      | Reached XP level 3. HP: 23/24 MP: 3/3
   709 | D:2      | Gained mutation: You are agile. (Dex +4, Str/Int -1)
                  | [potion of mutation]
   709 | D:2      | Gained mutation: You occasionally lose the ability to drink
                  | potions when taking damage. [potion of mutation]
   709 | D:2      | Gained mutation: Armour fits poorly on your strangely
                  | shaped body. [potion of mutation]
   709 | D:2      | Gained mutation: You have a pair of small horns on your
                  | head. [potion of mutation]
   976 | D:2      | Reached ** piety under Trog
  1054 | D:2      | Reached XP level 4. HP: 16/29 MP: 4/4
  1837 | D:3      | Noticed a kobold brigand
  1845 | D:3      | Killed a kobold brigand
  1846 | D:3      | Reached skill level 4 in Axes
  1846 | D:3      | Reached skill level 1 in Stealth
  1846 | D:3      | Reached XP level 5. HP: 34/34 MP: 5/5
  2265 | D:3      | Found a broken altar of Ashenzari.
  2311 | D:3      | Noticed Robin
  2321 | D:3      | Killed Robin
  2442 | D:3      | Found a basalt altar of Yredelemnul.
  2525 | D:4      | Found a staircase to the Ecumenical Temple.
  2705 | D:4      | Noticed a phantom
  2723 | D:4      | Killed a phantom
  2724 | D:4      | Reached XP level 6. HP: 35/39 MP: 1/6
  2933 | D:4      | Reached skill level 5 in Axes
  3145 | D:4      | Reached XP level 7. HP: 44/44 MP: 4/7
  3210 | D:4      | Found a shimmering blue altar of Sif Muna.
  3239 | D:5      | Entered Level 5 of the Dungeon
  3321 | D:5      | Found an ornate altar of the Wu Jian Council.
  3486 | D:5      | Reached skill level 5 in Fighting
  3486 | D:5      | Reached skill level 6 in Axes
  3486 | D:5      | Reached skill level 5 in Armour
  3486 | D:5      | Reached XP level 8. HP: 49/49 MP: 6/8
  3635 | D:5      | Noticed a spectral centipede
  3635 | D:5      | Noticed a spectral black mamba
  3787 | D:6      | Reached *** piety under Trog
  3966 | D:6      | Found a hide-covered altar of Uskayaw.
  4044 | D:6      | Identified a scroll of acquirement
  4044 | D:6      | Acquired 344 gold pieces
  4087 | D:6      | Slain by an unseen horror

Illustrated notes

Levels and vault maps discovered:
D:1:      eino_arrival_cavern_a, layout_loops_ring, nicolae_figureground_sparkle
D:2:      layout_loops_ring
D:3:      cheibrodos_thug_alley, layout_loops_corners, general_overflow_altar,
          ashenzari_altar_1, minmay_misc_feat_rows, uniq_robin
D:4:      cheibrodos_old_hovel, layout_basic, kennysheep_mini,
          minmay_temple_entry_from_below_a, serial_curves, eino_curves_03,
          eino_curves_02, skrybe_limestone_x, corexii_checkpoint, minivault_27
D:5:      layout_rooms, pdpol_wu_jian_five_deadly_venoms,
          eino_small_chamber_without_monster
D:6:      layout_rooms, tso_metal_star, mainiacjoe_overflow_catwalk

Skill      XL: |  1  2  3  4  5  6  7 |
---------------+----------------------+-----
Axes           | 3 4 5 6 |  6.9
Fighting       | 4 5 |  5.4
Dodging        | 2 |  2.9
Stealth        | 1 |  1.2
Armour         | 3 5 |  5.7

Action                     |  1- 3 |  4- 6 |  7- 9 || total
---------------------------+-------+-------+-------++-------
  Melee: Hand axe          |    79 |   133 |   132 ||   344
         Headbutt          |     6 |    27 |    35 ||    68
 Invoke: Berserk           |     1 |     4 |     5 ||    10
         Trog's Hand       |       |     3 |     8 ||    11
    Use: Scroll            |     3 |     5 |     3 ||    11
         Potion            |     1 |       |     2 ||     3
 Armour: Animal skin       |    66 |       |       ||    66
         Chain mail        |       |   127 |   185 ||   312
  Dodge: Dodged            |    89 |    69 |    55 ||   213

Table legend: (Time is in decaauts)
 A = Elapsed time spent in this place.
 B = Non-inter-level travel time spent in this place.
 C = Inter-level travel time spent in this place.
 D = Time resting spent in this place.
 E = Time spent auto-exploring this place.
 F = Levels seen in this place.
 G = Mean time per level.
                   A        B        C        D        E       F      G
               +--------+--------+--------+--------+--------+-----+--------+
         Total |   4204 |   4110 |     94 |    162 |   2931 |   6 |  700.7 |
       Dungeon |   4204 |   4110 |     94 |    162 |   2931 |   6 |  700.7 |
               +--------+--------+--------+--------+--------+-----+--------+

Top non-repeatable levels by time:
     D:3: 1135 daAuts
     D:4: 761 daAuts
     D:1: 715 daAuts
     D:2: 704 daAuts
     D:5: 515 daAuts
     D:6: 371 daAuts
